PCL
DISTRICT 9 PRAWNS @ SANTA MONICA BRUINS
05/19/2025
 
TOP OF THE 1ST
District 9 Prawns batting - Pitching for Santa Monica Bruins : RHP José Castro
Pitching: RHP José Castro
Batting: RHB Félix Sánchez 0-0: Called Strike
0-1: Foul Ball, location: 2F
0-2: Ground out 5-3 (Groundball, 56)
Batting: RHB Brian Jackson 0-0: Foul Ball, location: 2F
0-1: Ball
1-1: Called Strike
1-2: Fly out, F8 (Flyball, 8LXD)
Batting: SHB David Johnstone 0-0: Foul Ball, location: 2F
0-1: Foul Ball, location: 2F
0-2: Fly out, F9 (Flyball, 9S)
Top of the 1st over - 0 run(s), 0 hit(s), 0 error(s), 0 left on base; District 9 0 - Santa Monica 0
BOTTOM OF THE 1ST
Santa Monica Bruins batting - Pitching for District 9 Prawns : RHP Mike Stabler
Pitching: RHP Mike Stabler
Batting: LHB Noriaki Sangi 0-0: Ball
1-0: Ball
2-0: Ball
3-0: Base on Balls
Batting: RHB Grant Jenkins 0-0: Ball
1-0: SINGLE (Groundball, 5L)
Noriaki Sangi to second
Batting: SHB Yoshitoki Kouda 0-0: Ground out 4-3 (Groundball, 4M)
Noriaki Sangi to third
Grant Jenkins to second
Batting: LHB Germán Charfauros 0-0: Called Strike
0-1: Foul Ball, location: 2F
0-2: 3-RUN HOME RUN (Flyball, 9LD), Distance : 451 ft
Batting: RHB Salvador Salas 0-0: Ball
1-0: SOLO HOME RUN (Flyball, 7D), Distance : 362 ft
Batting: RHB Pablo Peña 0-0: Ball
1-0: Called Strike
1-1: Ball
2-1: SINGLE (Line Drive, 7S)
Batting: RHB Motoshige Yagi 0-0: Ball
1-0: Ball
2-0: Called Strike
2-1: Ball
3-1: Fielders Choice at 2nd, 5-4 (Groundball, 5L)
Batting: RHB Justin Burgess 0-0: Called Strike
0-1: Ball
1-1: Called Strike
1-2: Ball
Motoshige Yagi steals 2nd base
2-2: Foul Ball, location: 2F
2-2: Foul Ball, location: 2F
2-2: Ball
3-2: Base on Balls
Batting: LHB Pedro Cruz 0-0: Called Strike
0-1: Ball
1-1: Foul Ball, location: 2F
1-2: Ball
2-2: Strikes out swinging
Bottom of the 1st over - 4 run(s), 4 hit(s), 0 error(s), 2 left on base; District 9 0 - Santa Monica 4
TOP OF THE 2ND
District 9 Prawns batting - Pitching for Santa Monica Bruins : RHP José Castro
Batting: LHB José Flores 0-0: Ball
1-0: Swinging Strike
1-1: Fly out, F5 (Popup, 5DF)
Batting: RHB Lúcio García 0-0: Ball
1-0: SOLO HOME RUN (Line Drive, 7LD), Distance : 330 ft
Batting: LHB Leonard Harvey 0-0: Ball
1-0: Fly out, F2 (Popup, 2LF)
Batting: SHB Tommy Bourassa 0-0: Ball
1-0: Ball
2-0: Fly out, F7 (Flyball, 78D)
Top of the 2nd over - 1 run(s), 1 hit(s), 0 error(s), 0 left on base; District 9 1 - Santa Monica 4
BOTTOM OF THE 2ND
Santa Monica Bruins batting - Pitching for District 9 Prawns : RHP Mike Stabler
Batting: LHB Noriaki Sangi 0-0: Ball
1-0: Ball
2-0: Ball
3-0: Base on Balls
Batting: RHB Grant Jenkins 0-0: Called Strike
0-1: Ball
1-1: Grounds into double play, 6-4-3 (Groundball, 6)
Batting: SHB Yoshitoki Kouda 0-0: Called Strike
0-1: Foul Ball, location: 2F
0-2: Ground out 5-3 (Groundball, 56S)
Bottom of the 2nd over - 0 run(s), 0 hit(s), 0 error(s), 0 left on base; District 9 1 - Santa Monica 4
TOP OF THE 3RD
District 9 Prawns batting - Pitching for Santa Monica Bruins : RHP José Castro
Batting: RHB Rafael González 0-0: Ball
1-0: Ball
2-0: Fly out, F7 (Flyball, 7M)
Batting: RHB Phil Jacobs 0-0: Ball
1-0: Ball
2-0: SINGLE (Groundball, 4MD)
Batting: RHB Félix Sánchez 0-0: Fly out, F8 (Flyball, 78D)
Batting: RHB Brian Jackson 0-0: Foul Ball, location: 2F
0-1: Foul Ball, location: 2F
0-2: Ball
1-2: Ball
2-2: Ball
3-2: Ground out 1-3 (Groundball, 15)
Top of the 3rd over - 0 run(s), 1 hit(s), 0 error(s), 1 left on base; District 9 1 - Santa Monica 4
BOTTOM OF THE 3RD
Santa Monica Bruins batting - Pitching for District 9 Prawns : RHP Mike Stabler
Batting: LHB Germán Charfauros 0-0: Ball
1-0: SINGLE (Groundball, 34D)
Batting: RHB Salvador Salas 0-0: Called Strike
0-1: Foul Ball, location: 2F
0-2: Strikes out swinging
Batting: RHB Pablo Peña 0-0: Foul Ball, location: 2F
0-1: Grounds into double play, 6-4-3 (Groundball, 6)
Bottom of the 3rd over - 0 run(s), 1 hit(s), 0 error(s), 0 left on base; District 9 1 - Santa Monica 4
TOP OF THE 4TH
District 9 Prawns batting - Pitching for Santa Monica Bruins : RHP José Castro
Batting: SHB David Johnstone 0-0: Ball
1-0: SINGLE (Flyball, 78S)
Batting: LHB José Flores 0-0: Ball
1-0: Foul Ball, location: 2F
1-1: Foul Ball, location: 2F
1-2: Ball
2-2: Ball
3-2: Base on Balls
David Johnstone to second
Batting: RHB Lúcio García 0-0: Ball
1-0: Called Strike
1-1: Ball
2-1: Ball
3-1: Called Strike
3-2: Foul Ball, location: 2F
3-2: Strikes out swinging
Batting: LHB Leonard Harvey 0-0: Called Strike
0-1: Ground out 3-1 (Groundball, 34)
David Johnstone to third
José Flores to second
Batting: SHB Tommy Bourassa 0-0: Called Strike
0-1: Ball
1-1: Foul Ball, location: 2F
1-2: Fly out, F5 (Popup, 25F)
Top of the 4th over - 0 run(s), 1 hit(s), 0 error(s), 2 left on base; District 9 1 - Santa Monica 4
BOTTOM OF THE 4TH
Santa Monica Bruins batting - Pitching for District 9 Prawns : RHP Mike Stabler
Batting: RHB Motoshige Yagi 0-0: Called Strike
0-1: Ball
1-1: Ball
2-1: Ball
3-1: Swinging Strike
3-2: Fly out, F7 (Flyball, 7S)
Batting: RHB Justin Burgess 0-0: Foul Ball, location: 2F
0-1: Foul Ball, location: 2F
0-2: Ball
1-2: Foul Ball, location: 2F
1-2: SINGLE (Line Drive, 6MD)
Batting: LHB Pedro Cruz 0-0: Ball
1-0: SINGLE (Line Drive, 6D)
Justin Burgess to second
Batting: LHB Noriaki Sangi 0-0: Ball
1-0: Ball
2-0: Ball
3-0: Base on Balls
Justin Burgess to third
Pedro Cruz to second
Batting: RHB Grant Jenkins 0-0: Ball
1-0: Called Strike
1-1: Foul Ball, location: 2F
1-2: Foul Ball, location: 2F
1-2: Foul Ball, location: 2F
1-2: Ball
2-2: Foul Ball, location: 2F
2-2: Foul Ball, location: 2F
2-2: Foul Ball, location: 2F
2-2: SINGLE (Groundball, 56D)
Justin Burgess scores
Pedro Cruz to third
Noriaki Sangi to second
Runner from 3rd tries for Home, SAFE, no throw or cutoff
Batting: SHB Yoshitoki Kouda 0-0: Fly out, F7 (Flyball, 7M)
Batting: LHB Germán Charfauros 0-0: Ball
1-0: Foul Ball, location: 2F
1-1: Ball
2-1: Foul Ball, location: 2F
2-2: 3-RUN HOME RUN (Flyball, 9D), Distance : 370 ft
Pitching: RHP Doug Adams
Batting: RHB Salvador Salas 0-0: Ball
1-0: Ball
2-0: Called Strike
2-1: Ball
3-1: Ground out 6-3 (Groundball, 6M)
Bottom of the 4th over - 5 run(s), 4 hit(s), 0 error(s), 0 left on base; District 9 1 - Santa Monica 9
TOP OF THE 5TH
District 9 Prawns batting - Pitching for Santa Monica Bruins : RHP José Castro
Batting: RHB Rafael González 0-0: Foul Ball, location: 2F
0-1: Foul Ball, location: 2F
0-2: Fly out, F9 (Popup, 34D)
Batting: RHB Phil Jacobs 0-0: Swinging Strike
0-1: Swinging Strike
0-2: Ball
1-2: Ball
2-2: Strikes out swinging
Batting: RHB Félix Sánchez 0-0: Ball
1-0: Ball
2-0: Ground out 5-3 (Groundball, 6)
Top of the 5th over - 0 run(s), 0 hit(s), 0 error(s), 0 left on base; District 9 1 - Santa Monica 9
BOTTOM OF THE 5TH
Santa Monica Bruins batting - Pitching for District 9 Prawns : RHP Doug Adams
Batting: RHB Pablo Peña 0-0: SINGLE (Groundball, 56D)
Batting: RHB Motoshige Yagi Pickoff Throw to First - Out!
0-0: Ball
1-0: Ball
2-0: Called Strike
2-1: Ball
3-1: Base on Balls
Batting: RHB Justin Burgess 0-0: Fly out, F8 (Flyball, 8RD)
Batting: LHB Pedro Cruz 0-0: Ball
Motoshige Yagi steals 2nd base
1-0: Ball
2-0: DOUBLE (Flyball, 8LXD)
Motoshige Yagi scores
Batting: LHB Noriaki Sangi 0-0: Ball
1-0: Foul Ball, location: 2F
1-1: Ball
2-1: Foul Ball, location: 2F
2-2: Foul Ball, location: 2F
2-2: Foul Ball, location: 2F
2-2: Foul Ball, location: 2F
2-2: Foul Ball, location: 2F
2-2: Ball
3-2: Ground out 5-3 (Groundball, 5S)
Bottom of the 5th over - 1 run(s), 2 hit(s), 0 error(s), 1 left on base; District 9 1 - Santa Monica 10
TOP OF THE 6TH
District 9 Prawns batting - Pitching for Santa Monica Bruins : RHP José Castro
Batting: RHB Brian Jackson 0-0: Ball
1-0: Ball
2-0: Ball
3-0: Called Strike
3-1: Ground out 4-3 (Groundball, 4)
Batting: SHB David Johnstone 0-0: Ball
1-0: Swinging Strike
1-1: Fly out, F7 (Flyball, 78M)
Batting: LHB José Flores 0-0: Foul Ball, location: 2F
0-1: Foul Ball, location: 2F
0-2: Foul Ball, location: 2F
0-2: Ball
1-2: Ball
2-2: Ground out 1-3 (Groundball, 25)
Top of the 6th over - 0 run(s), 0 hit(s), 0 error(s), 0 left on base; District 9 1 - Santa Monica 10
BOTTOM OF THE 6TH
Santa Monica Bruins batting - Pitching for District 9 Prawns : RHP Doug Adams
Batting: RHB Grant Jenkins 0-0: Fly out, F7 (Line Drive, 7S)
Batting: SHB Yoshitoki Kouda 0-0: Swinging Strike
0-1: Ball
1-1: Ball
2-1: Ball
3-1: Swinging Strike
3-2: Strikes out looking
Batting: LHB Germán Charfauros 0-0: Ball
1-0: Called Strike
1-1: Swinging Strike
1-2: Ball
2-2: Ball
3-2: SINGLE (Line Drive, 4)
Batting: RHB Salvador Salas 0-0: Ball
1-0: Swinging Strike
1-1: Foul Ball, location: 2F
1-2: Strikes out looking
Bottom of the 6th over - 0 run(s), 1 hit(s), 0 error(s), 1 left on base; District 9 1 - Santa Monica 10
TOP OF THE 7TH
District 9 Prawns batting - Pitching for Santa Monica Bruins : RHP José Castro
Batting: RHB Lúcio García 0-0: Called Strike
0-1: Fly out, F8 (Flyball, 8LD)
Batting: LHB Leonard Harvey 0-0: Ball
1-0: Ball
2-0: Ground out U3 (Groundball, 3L)
Batting: SHB Tommy Bourassa 0-0: Called Strike
0-1: Fly out, F4 (Popup, 4M)
Top of the 7th over - 0 run(s), 0 hit(s), 0 error(s), 0 left on base; District 9 1 - Santa Monica 10
BOTTOM OF THE 7TH
Santa Monica Bruins batting - Pitching for District 9 Prawns : RHP Doug Adams
Pitching: RHP António García
Batting: RHB Pablo Peña 0-0: Called Strike
0-1: Ball
1-1: Fly out, F9 (Flyball, 89D)
Now in RF: Lateef Makini
Batting: RHB Motoshige Yagi 0-0: Foul Ball, location: 2F
0-1: Ball
1-1: Swinging Strike
1-2: Strikes out swinging
Batting: RHB Justin Burgess 0-0: Called Strike
0-1: Swinging Strike
0-2: Ball
1-2: Ball
2-2: Ground out 4-3 (Groundball, 4)
Bottom of the 7th over - 0 run(s), 0 hit(s), 0 error(s), 0 left on base; District 9 1 - Santa Monica 10
TOP OF THE 8TH
District 9 Prawns batting - Pitching for Santa Monica Bruins : RHP José Castro
Batting: RHB Rafael González 0-0: Swinging Strike
0-1: Ball
1-1: Called Strike
1-2: Ground out 6-3 (Groundball, 6M)
Batting: RHB Phil Jacobs 0-0: Ball
1-0: Foul Ball, location: 2F
1-1: Foul Ball, location: 2F
1-2: Ground out 4-3 (Groundball, 34)
Batting: RHB Félix Sánchez 0-0: Fly out, F9 (Flyball, 9LMF)
Top of the 8th over - 0 run(s), 0 hit(s), 0 error(s), 0 left on base; District 9 1 - Santa Monica 10
BOTTOM OF THE 8TH
Santa Monica Bruins batting - Pitching for District 9 Prawns : RHP António García
Batting: LHB Pedro Cruz 0-0: Ball
1-0: Called Strike
1-1: Ball
2-1: Foul Ball, location: 2F
2-2: DOUBLE (Line Drive, 7LS)
Batting: LHB Noriaki Sangi 0-0: Ball
1-0: Ball
2-0: Ball
3-0: Base on Balls
Batting: RHB Grant Jenkins 0-0: Bunted foul
0-1: Sac Bunt - play at first, batter OUT! U3
Pedro Cruz to third
Noriaki Sangi to second
Batting: SHB Yoshitoki Kouda 0-0: Ball
1-0: 3-RUN HOME RUN (Line Drive, 89XD), Distance : 409 ft
Batting: LHB Germán Charfauros 0-0: Ball
1-0: Ball
2-0: Foul Ball, location: 2F
2-1: Ball
3-1: Foul Ball, location: 2F
3-2: Foul Ball, location: 2F
3-2: Base on Balls
Batting: RHB Salvador Salas 0-0: Ball
1-0: Fly out, F9 (Flyball, 9D)
Batting: RHB Pablo Peña 0-0: Called Strike
0-1: Foul Ball, location: 2F
0-2: Ball
1-2: Ball
2-2: Ball
3-2: Ground out 6-3 (Groundball, 6M)
Bottom of the 8th over - 3 run(s), 2 hit(s), 0 error(s), 1 left on base; District 9 1 - Santa Monica 13
TOP OF THE 9TH
District 9 Prawns batting - Pitching for Santa Monica Bruins : RHP José Castro
Batting: RHB Brian Jackson 0-0: Called Strike
0-1: Ball
1-1: Foul Ball, location: 2F
1-2: Strikes out swinging
Batting: SHB David Johnstone 0-0: Called Strike
0-1: Ground out 3-1 (Groundball, 34S)
Batting: LHB José Flores 0-0: Ball
1-0: Swinging Strike
1-1: DOUBLE (Line Drive, 78D)
Pitching: RHP Javier Correa
Pinch Hitting: LHB Pedro Gonzáles 0-0: Called Strike
0-1: Ball
1-1: Swinging Strike
1-2: Fly out, F4 (Popup, 4D)
Top of the 9th over - 0 run(s), 1 hit(s), 0 error(s), 1 left on base; District 9 1 - Santa Monica 13
This league is powered by Out of the Park Baseball, the baseball management simulation game for PC, Mac and Linux
Tuesday, August 2nd, 2016 - OOTP Baseball 16.8 Build 38